 Dungeon Crawl Stone Soup version 0.23.2-33-g5129a83184 (webtiles) character file.

Game seed: 10877246073276249118

123 Joat the Shield-Bearer (level 4, -2/36 HPs)
             Began as a Demonspawn Fighter on July 4, 2019.
             Slain by a gnoll
             ... wielding a +0 spear
              (5 damage)
             ... on level 2 of the Dungeon.
             The game lasted 00:05:55 (1368 turns).

Joat the Shield-Bearer (Demonspawn Fighter)         Turns: 1368, Time: 00:05:55

Health: -2/36      AC: 11    Str: 17    XL:     4   Next: 79%
Magic:  4/4        EV:  4    Int: 10    God:
Gold:   46         SH:  9    Dex: 12    Spells: 3/3 levels left

rFire    . . .     SeeInvis .   i - +0 dagger
rCold    . . .     Gourm    .   c - +0 shield
rNeg     . . .     Faith    .   l - +0 chain mail
rPois    .         Spirit   .   (no helmet)
rElec    .         Reflect  .   (no cloak)
rCorr    .         Harm     .   (no gloves)
MR       .....                  (no boots)
Stlth    ..........             (no amulet)
HPRegen  0.12/turn              (no ring)
MPRegen  0.09/turn              (no ring)

@: no status effects
A: rugged brown scales 2
a: no special abilities


You were on level 2 of the Dungeon.
You were not hungry.

You visited 1 branch of the dungeon, and saw 2 of its levels.

You collected 46 gold pieces.

Inventory:

Hand Weapons
 i - a +0 dagger (weapon)
Armour
 c - a +0 shield (worn)
 l - a +0 chain mail (worn)
Scrolls
 a - a scroll of teleportation {unknown}
 b - a scroll of random uselessness {unknown}
 e - 4 scrolls of noise {unknown}
 j - 3 scrolls of identify {unknown}
 m - a scroll of remove curse {unknown}
Potions
 h - a potion of curing
 k - a potion of brilliance {unknown}
Comestibles
 f - 3 rations
 g - 4 chunks of flesh


   Skills:
 + Level 3.5 Fighting
 * Level 3.0 Short Blades
 + Level 3.1 Armour
 * Level 3.6 Shields


You had 3 spell levels left.
You didn't know any spells.
Your spell library was empty.

Dungeon Overview and Level Annotations

Branches:
Dungeon (2/15)

Altars:
Qazlal


Innate Abilities, Weirdness & Mutations

You are mostly covered in rugged brown scales. (AC +2, +5% HP)


Message History

You hit the gnoll.
The gnoll is heavily wounded.
The frilled lizard bites you but does no damage.
You block the gnoll's attack.
You closely miss the gnoll.
The gnoll is heavily wounded.
You block the frilled lizard's attack. The gnoll hits you but does no damage.
You completely miss the gnoll.
The gnoll is heavily wounded.
The gnoll hits you with a +0 spear.
* * * LOW HITPOINT WARNING * * *
The frilled lizard bites you but does no damage.
You closely miss the gnoll.
The gnoll is heavily wounded.
You block the frilled lizard's attack. The gnoll hits you but does no damage.
You closely miss the gnoll.
The gnoll is heavily wounded.
The frilled lizard bites you but does no damage.
The gnoll hits you with a +0 spear.
You die...

_............### .
.≈≈^^≈.......###...
..§§#§.............
(.^≈#.#####..###...
.^#≈...###..##
.........##
.#.......# .
.#......#####....
.......@l÷.......
.#.....g#........
#....#####......
.....# ...... .#...
..... #... #....
### .... ...


You could see a gnoll and a frilled lizard.

Vanquished Creatures
  A worker ant (D:2)
  3 gnolls (D:2)
  2 adders
  A worm (D:2)
  2 dart slugs (D:1)
  A leopard gecko (D:2)
  A ball python (D:1)
  8 bats (D:1)
  3 giant cockroaches
  5 goblins
  4 hobgoblins (D:1)
  4 jackals (D:1)
  7 kobolds
  A frilled lizard (D:1)
  4 rats (D:1)
47 creatures vanquished.

Notes
Turn   | Place    | Note
-------+----------+-------------------------------------------
     0 | D:1      | Joat the Demonspawn Fighter began the quest for the Orb.
     0 | D:1      | Reached XP level 1. HP: 18/18 MP: 1/1
    89 | D:1      | Gained mutation: You are partially covered in rugged brown
                  | scales. (AC +1, +3% HP) [demonic ancestry]
    89 | D:1      | Reached XP level 2. HP: 16/24 MP: 2/2
   502 | D:1      | Reached XP level 3. HP: 29/29 MP: 3/3
  1091 | D:2      | Gained mutation: You are mostly covered in rugged brown
                  | scales. (AC +2, +5% HP) [demonic ancestry]
  1091 | D:2      | Reached XP level 4. HP: 13/36 MP: 4/4
  1111 | D:2      | Found a stormy altar of Qazlal.
  1368 | D:2      | Slain by a gnoll

Skill      XL: |  1  2  3  4 |
---------------+-------------+-----
Short Blades   | 2 3 |  3.0
Shields        | 3 |  3.6
Armour         | 3 |  3.1
Fighting       | |  3.5

Action                   |  1- 3 |  4- 6 || total
-------------------------+-------+-------++-------
Melee: Short sword       |    27 |       ||    27
       Rapier            |     3 |       ||     3
       Dagger            |   152 |    78 ||   230
  Use: Potion            |     2 |       ||     2
  Eat: Chunk             |     1 |     1 ||     2
Armor: Scale mail        |    59 |       ||    59
       Chain mail        |    73 |    39 ||   112
Dodge: Dodged            |    53 |    11 ||    64
Block: Shield            |    98 |    37 ||   135
